 Dungeon Crawl Stone Soup version 0.31.0-11-ge490571c62 (webtiles) character file.

Game seed: 13695736999325468145

1329 qw the Skirmisher (level 8, -3/46 HPs)
             Began as a Deep Elf Hunter on Feb 4, 2024.
             Slain by a sleepcap (4 damage)
             ... on level 5 of the Dungeon.
             The game lasted 00:00:23 (3525 turns).

qw the Skirmisher (Deep Elf Hunter)                 Turns: 3525, Time: 00:00:24

Health: -3/46      AC:  9    Str: 10    XL:     8   Next: 34%
Magic:  0/10       EV: 17    Int: 15    God:
Gold:   233        SH:  0    Dex: 18    Spells: 7/7 levels left

rFire   + . .        a - +1 shortbow
rCold   . . .        (shield currently unavailable)
rNeg    . . .        i - +0 ring mail {rF+}
rPois   +            g - +0 helmet
rElec   .            b - +0 cloak
rCorr   .            e - +1 pair of gloves
SInv    .            (no boots)
Will    .....        k - amulet of guardian spirit
Stlth   +            l - +5 ring of evasion
HPRegen 0.27/turn    h - ring of poison resistance
MPRegen 0.12/turn

%: guardian spirit
@: about to teleport
A: no striking features
a: no special abilities


You were on level 5 of the Dungeon.
You visited 1 branch of the dungeon, and saw 5 of its levels.

You collected 233 gold pieces.


   Skills:
 - Level 3.1 Fighting
 + Level 12.8 Ranged Weapons
 - Level 1.1 Armour
 - Level 4.0 Dodging
 - Level 1.2 Stealth


You had 7 spell levels left.
You didn't know any spells.
Your spell library was empty.

Inventory:

Hand Weapons
 a - a +1 shortbow (weapon)
Armour
 b - a +0 cloak (worn)
 e - a +1 pair of gloves (worn)
 g - a +0 helmet (worn)
 i - a +0 ring mail of fire resistance (worn)
Jewellery
 h - a ring of poison resistance (right hand)
 j - a ring of protection from cold
 k - an amulet of guardian spirit (around neck)
 l - a +5 ring of evasion (left hand)
Wands
 o - a wand of roots (9)
Scrolls
 c - a scroll of identify
 f - a scroll of brand weapon {unknown}
Potions
 d - 3 potions of curing
 n - a potion of might

Dungeon Overview and Level Annotations

Branches:
Dungeon (5/15)
 Temple: D:4-7

Altars:


Message History

Something hits you but does no damage. The orc hits you with a +0 hand axe.
The sleepcap closely misses you.
You shoot an arrow.
The arrow hits the sleepcap but does no damage.
The sleepcap is lightly damaged.
Something hits you but does no damage. The orc hits you with a +0 hand axe.
The sleepcap misses you.
You shoot an arrow. The arrow hits the sleepcap.
The sleepcap is lightly damaged.
Something hits you. The orc misses you. The sleepcap releases spores at you.
You are engulfed in a cloud of soporific spores!
You fall asleep.
Something hits you!
You wake up.
The orc closely misses you. The sleepcap closely misses you.
You shoot an arrow. The arrow hits the sleepcap.
The sleepcap is moderately damaged.
Something closely misses you. The orc hits you with a +0 hand axe.
The sleepcap misses you.
You shoot an arrow. The arrow hits the sleepcap.
The sleepcap is heavily damaged.
Something hits you but does no damage. The orc hits you but does no damage.
The sleepcap misses you.
You shoot an arrow. The arrow hits the sleepcap.
The sleepcap is heavily damaged.
Something hits you. The orc barely misses you.
The sleepcap releases spores at you.
3523 ||| READING scroll of teleportation.
As you read the scroll of teleportation, it crumbles to dust.
You feel strangely unstable. Something hits you but does no damage.
The orc hits you but does no damage. The sleepcap closely misses you.
You shoot an arrow. The arrow hits the sleepcap.
The sleepcap is severely damaged.
Something closely misses you. The orc hits you with a +0 hand axe.
The sleepcap misses you.
You shoot an arrow. The arrow hits the sleepcap.
The sleepcap is almost destroyed.
Something hits you but does no damage. The orc hits you with a +0 hand axe.
The sleepcap releases spores at you.
You die...

...# ### ...## ..#
...... #.# ######
#.# ### ###.###
..# ###....<# #.#
#o..###.# ....
##f### ># #.##.#
######@{# # #.#
#.....o## #.#
#.##........).
####.#
##......#..#.#.
..##.#
##.......#..#
..##.# #.....#..#
.#
..##.####.....#..#
##
..##.##....#..#..#
..#........#..####


You could see a sleepcap and 2 orcs.

Vanquished Creatures
  Pikel (D:4)
  Duvessa (D:4)
  A black bear (D:4)
  A phantom (D:4)
  A lemure (D:4)
  A bullfrog (D:5)
  A scorpion (D:5)
  A water moccasin zombie (D:4)
  Dowan (D:4)
  A hound (D:5)
  An iguana (D:4)
  A scorpion zombie (D:4)
  An orc wizard (D:5)
  A hound zombie (D:4)
  A hound skeleton (D:4)
  3 gnolls (D:3)
  8 adders
  An adder skeleton (D:4)
  3 adder zombies (D:4)
  5 dart slugs
  A ribbon worm (D:2)
  6 orcs
  9 bats
  4 endoplasms
  3 giant cockroaches
  12 goblins
  4 hobgoblins
  9 jackals
  4 quokkas
  9 ball pythons
  3 frilled lizards
  2 kobolds
  A quokka zombie (D:4)
  3 rats (D:2)
105 creatures vanquished.

Notes
Turn   | Place    | Note
-------+----------+-------------------------------------------
     0 | D:1      | qw the Deep Elf Hunter began the quest for the Orb.
     0 | D:1      | Reached XP level 1. HP: 12/12 MP: 3/3
     0 | D:1      | 0 ||| qw: Version: 0.3-a-160-g6735b56
     0 | D:1      | 0 ||| qw: Game counter: 4593
     0 | D:1      | 0 ||| qw: Melee chars always use a shield: true
     0 | D:1      | 0 ||| qw: God list: Okawaru
     0 | D:1      | 0 ||| qw: Allow faded altars: false
     0 | D:1      | 0 ||| qw: Do Orc after clearing Dungeon:15 true
     0 | D:1      | 0 ||| qw: Do second Lair branch before Depths: true
     0 | D:1      | 0 ||| qw: Lair rune preference: random
     0 | D:1      | 0 ||| qw: Goals: Normal
     0 | D:1      | 0 ||| PLANNING D:1-11
   150 | D:1      | Reached skill level 6 in Ranged Weapons
   150 | D:1      | Reached XP level 2. HP: 16/16 MP: 4/4
   664 | D:1      | 664 ||| UPGRADING to +0 ring mail.
   674 | D:1      | 674 ||| DROPPING +0 leather armour.
   675 | D:1      | 675 ||| UPGRADING to +0 ring mail of fire resistance.
   685 | D:1      | 685 ||| DROPPING +0 ring mail.
   686 | D:1      | 686 ||| UPGRADING to amulet of guardian spirit.
   691 | D:1      | 691 ||| UPGRADING to +5 ring of evasion.
   692 | D:1      | 692 ||| READING scroll labelled ATASEO DUNEERGH.
   692 | D:1      | 692 ||| IDENTIFYING clear potion
   693 | D:1      | 693 ||| READING scroll labelled EJOFAQ INLON.
   694 | D:1      | 694 ||| READING scroll labelled APU BUISTRUCIZO.
   694 | D:1      | 694 ||| ENCHANTING +0 shortbow.
   695 | D:1      | 695 ||| DRINKING 2 red potions.
   696 | D:1      | 696 ||| DROPPING scroll of butterflies.
   697 | D:1      | 697 ||| DROPPING potion of brilliance.
   698 | D:1      | 698 ||| DROPPING potion of attraction.
   756 | D:2      | Reached XP level 3. HP: 20/20 MP: 5/5
   830 | D:2      | Reached skill level 7 in Ranged Weapons
  1226 | D:2      | Reached XP level 4. HP: 25/25 MP: 6/6
  1238 | D:2      | 1238 ||| UPGRADING to +0 cloak.
  1243 | D:2      | 1243 ||| UPGRADING to +0 pair of gloves.
  1248 | D:2      | 1248 ||| READING scroll of identify.
  1248 | D:2      | 1248 ||| IDENTIFYING 2 fuming coppery potions
  1249 | D:2      | 1249 ||| READING scroll labelled ENICLUOSAO.
  1253 | D:2      | 1253 ||| DRINKING 2 glowing white potions.
  1406 | D:3      | Identified the +4 trident "Pavviga" {flame, rN+ Int+3}
  1571 | D:3      | Reached skill level 8 in Ranged Weapons
  1799 | D:3      | Reached XP level 5. HP: 29/29 MP: 7/7
  2096 | D:3      | 2096 ||| READING scroll of identify.
  2096 | D:3      | 2096 ||| IDENTIFYING viscous golden potion
  2097 | D:3      | 2097 ||| READING scroll labelled LEBLIN PIRPHAI.
  2142 | D:3      | 2142 ||| READING scroll labelled AXTYIZIOCA.
  2198 | D:4      | Noticed a lemure
  2198 | D:4      | Noticed a lemure
  2199 | D:4      | 2199 ||| RETREEEEATING.
  2200 | D:4      | 2200 ||| RETREEEEATING.
  2201 | D:4      | 2201 ||| RETREEEEATING.
  2202 | D:4      | 2202 ||| RETREEEEATING.
  2208 | D:4      | 2208 ||| DRINKING potion of haste.
  2227 | D:4      | Killed a lemure
  2236 | D:4      | HP: 4/29 [lemure[Pikel] (6)]
  2237 | D:4      | 2237 ||| READING scroll of teleportation.
  2238 | D:4      | 2238 ||| DRINKING potion of heal wounds.
  2361 | D:4      | Reached skill level 9 in Ranged Weapons
  2532 | D:4      | Noticed Duvessa
  2533 | D:4      | 2533 ||| DRINKING potion of haste.
  2538 | D:4      | Noticed Dowan
  2547 | D:4      | Killed Duvessa
  2548 | D:4      | Reached XP level 6. HP: 27/36 MP: 5/8
  2560 | D:4      | 2560 ||| FLEEEEING.
  2561 | D:4      | 2561 ||| FLEEEEING.
  2562 | D:4      | 2562 ||| FLEEEEING.
  2564 | D:4      | Killed Dowan
  2565 | D:4      | Reached skill level 1 in Armour
  2852 | D:4      | Reached skill level 10 in Ranged Weapons
  2852 | D:4      | Reached XP level 7. HP: 37/40 MP: 6/9
  3042 | D:4      | Noticed Pikel
  3043 | D:4      | 3043 ||| RETREEEEATING.
  3044 | D:4      | 3044 ||| RETREEEEATING.
  3045 | D:4      | 3045 ||| RETREEEEATING.
  3046 | D:4      | 3046 ||| RETREEEEATING.
  3047 | D:4      | 3047 ||| RETREEEEATING.
  3048 | D:4      | 3048 ||| RETREEEEATING.
  3049 | D:4      | 3049 ||| RETREEEEATING.
  3050 | D:4      | 3050 ||| RETREEEEATING.
  3051 | D:4      | 3051 ||| RETREEEEATING.
  3052 | D:4      | 3052 ||| RETREEEEATING.
  3053 | D:4      | 3053 ||| RETREEEEATING.
  3055 | D:4      | 3055 ||| RETREEEEATING.
  3056 | D:4      | 3056 ||| RETREEEEATING.
  3059 | D:4      | 3059 ||| RETREEEEATING.
  3060 | D:4      | 3060 ||| RETREEEEATING.
  3061 | D:4      | 3061 ||| RETREEEEATING.
  3062 | D:4      | 3062 ||| RETREEEEATING.
  3076 | D:4      | Killed Pikel
  3077 | D:4      | Reached skill level 12 in Ranged Weapons
  3077 | D:4      | Reached XP level 8. HP: 24/45 MP: 6/10
  3178 | D:4      | Identified the +0 scale mail of Mazarph {rF+}
  3311 | D:4      | 3311 ||| UPGRADING to +0 helmet.
  3316 | D:4      | 3316 ||| DROPPING +0 scale mail of Mazarph {rF+}.
  3317 | D:4      | 3317 ||| UPGRADING to ring of poison resistance.
  3318 | D:4      | 3318 ||| READING 3 scrolls of identify.
  3318 | D:4      | 3318 ||| IDENTIFYING fuming silvery potion
  3319 | D:4      | 3319 ||| READING 2 scrolls of identify.
  3319 | D:4      | 3319 ||| IDENTIFYING cyan potion
  3320 | D:4      | 3320 ||| READING scroll of identify.
  3320 | D:4      | 3320 ||| IDENTIFYING scroll labelled ISTUCIPOPN
  3321 | D:4      | 3321 ||| READING scroll labelled SAFIHA CODAFO.
  3322 | D:4      | 3322 ||| READING scroll labelled MUELOLE QUTE.
  3322 | D:4      | 3322 ||| ENCHANTING +0 pair of gloves.
  3323 | D:4      | 3323 ||| DROPPING potion of lignification.
  3324 | D:4      | 3324 ||| DROPPING scroll of poison.
  3376 | D:5      | Entered Level 5 of the Dungeon
  3382 | D:5      | Reached skill level 3 in Fighting
  3501 | D:5      | 3501 ||| FLEEEEING.
  3502 | D:5      | 3502 ||| FLEEEEING.
  3503 | D:5      | 3503 ||| FLEEEEING.
  3504 | D:5      | 3504 ||| FLEEEEING.
  3505 | D:5      | 3505 ||| FLEEEEING.
  3522 | D:5      | HP: 11/46 [something (3)]
  3523 | D:5      | 3523 ||| READING scroll of teleportation.
  3524 | D:5      | HP: 5/46 [orc/+0 hand axe (4)]
  3525 | D:5      | HP: 1/46 [orc/+0 hand axe (4)]
  3525 | D:5      | Slain by a sleepcap

Levels and vault maps discovered:
D:1:      psy_arrival_whirlpool, layout_loops_ring, glass_columns_c
D:2:      layout_basic
D:3:      layout_loops_corners
D:4:      layout_gridville, serial_undead, serial_undead_f, serial_undead_e,
          serial_undead_a, serial_undead_c, serial_undead_b, serial_undead_d,
          uniq_pikel, uniq_duvessa
D:5:      layout_loops_ring, chequers_serial_rivers_small_b, minmay_hedge_maze,
          hangedman_abyss_or_decor_stagger, st_stairs_14

Skill      XL: |  1  2  3  4  5  6  7  8 |
---------------+-------------------------+-----
Ranged Weapons | 6 7 8 9 10 12 | 12.8
Fighting       | 2 3 |  3.1
Armour         | 1 |  1.1
Dodging        | 4 |  4.0
Stealth        | |  1.2

Action                     |  1- 3 |  4- 6 |  7- 9 || total
---------------------------+-------+-------+-------++-------
   Fire: Shortbow          |   104 |   196 |   115 ||   415
    Use: Scroll            |     3 |     6 |     6 ||    15
         Potion            |     1 |     4 |       ||     5
 Armour: Leather armour    |     4 |       |       ||     4
         Ring mail         |    11 |    60 |    61 ||   132
  Dodge: Dodged            |    29 |   102 |    81 ||   212

Table legend:
 A = Non-vault XP
 B = Vault XP
 C = Vault XP percentage of total XP
 D = Non-vault monster count
 E = Vault monster count
 F = Vault count percentage of total count
                 A         B        C        D         E       F
            +---------+---------+-------+---------+---------+-------
      Total |     701 |    1198 |  63.1 |      90 |      14 |  13.5
            +---------+---------+-------+---------+---------+-------
        D:1 |      36 |       0 |   0.0 |      19 |       0 |   0.0
        D:2 |      62 |       0 |   0.0 |      20 |       0 |   0.0
        D:3 |     113 |       0 |   0.0 |      26 |       0 |   0.0
        D:4 |     225 |    1185 |  84.0 |      18 |      13 |  41.9
        D:5 |     265 |      13 |   4.7 |       7 |       1 |  12.5
            +---------+---------+-------+---------+---------+-------
